 Dungeon Crawl Stone Soup version 0.18.1-6-gd335043 (webtiles) character file.

24 stauk the Scratcher (level 2, -1/12 HPs)
             Began as a Felid Transmuter on May 16, 2016.
             Killed from afar by a dart slug (6 damage)
             ... with a slug dart
             ... on level 1 of the Dungeon.
             The game lasted 00:28:48 (1921 turns).

stauk the Scratcher (Felid Transmuter)              Turns: 1921, Time: 00:28:48

Health: -1/12      AC:  1    Str:  6    XL:     2   Next: 79%
Magic:  6/6        EV: 18    Int: 14    God:
Gold:   28         SH:  0    Dex: 16    Spells: 1 memorised, 4 levels left
                                        Lives:  0   Deaths: 0

rFire  + . .     SeeInvis +       - Unarmed
rCold  x . .     Gourm    .     (armour unavailable)
rNeg   . . .     Faith    .     (shield unavailable)
rPois  .         Spirit   .     (helmet unavailable)
rElec  .         Dismiss  .     (cloak unavailable)
rCorr  .         Reflect  .     (gloves unavailable)
SustAt .         Harm     .     (boots unavailable)
MR     .....                    (no amulet)
Stlth  ++........               (no ring)
                                l - ring of fire

@: quick, not resistant to hostile enchantments, unstealthy
A: no armour, no weapons or thrown items, claws 1, fangs 3, see invisible,
carnivore 3, speed 1, shaggy fur 1, slow metabolism 1, sharp paws
a: no special abilities


You were on level 1 of the Dungeon.
You were completely stuffed.

You visited 1 branch of the dungeon, and saw 1 of its levels.

You collected 28 gold pieces.

Inventory:

Hand Weapons
 d - a +0 club
 e - a +0 dagger
 f - a +2 short sword of freezing
 n - a +0 short sword
 o - a +0 dagger
Missiles
 a - 31 arrows
 g - 22 sling bullets
 k - 17 poisoned needles
 m - 10 stones
 q - 17 bolts
Armour
 h - a +0 robe
 i - a +0 pair of gloves
Jewellery
 l - a ring of fire (left paw)
Scrolls
 t - a scroll of remove curse {unknown}
 u - a scroll of enchant weapon {unknown}
Potions
 j - a potion of might {unknown}
 p - 3 potions of resistance {unknown}
Books
 b - a book of Changes

   Spells                             Type                      Level
   a - Beastly Appendage              Transmutation                1
   b - Sticks to Snakes               Transmutation                2
   c - Spider Form                    Transmutation/Poison         3
   d - Ice Form                       Ice/Transmutation            4
   e - Blade Hands                    Transmutation                5
Comestibles
 c - a meat ration
 r - a bread ration
 s - 5 chunks of flesh


   Skills:
 + Level 1.1 Fighting
 + Level 3.0 Dodging
 + Level 0.4 Stealth
 + Level 3.4 Unarmed Combat
 + Level 2.2 Spellcasting
 + Level 2.5 Transmutations


You had 4 spell levels left.
You knew the following spells:

 Your Spells              Type           Power        Failure   Level  Hunger
a - Beastly Appendage     Trmt           #.....       10%         1    #......


Dungeon Overview and Level Annotations

Branches:
Dungeon (1/15)

Altars:


Innate Abilities, Weirdness & Mutations

You cannot wear armour.
You are incapable of wielding weapons or throwing items.
You have sharp claws.
You have razor-sharp teeth.
You have supernaturally acute eyesight.
You are carnivorous and can eat meat at any time.
You cover ground quickly.
You are covered in fur (AC +1).
You have a slow metabolism.
Your sharp claws are effective at attacking unaware monsters.


Message History

You see here a goblin skeleton.
You're too full to eat anything.
There is an open door here.
Found a scroll labeled KAUNA GAUQUHAWN.
t - a scroll labeled FUSSORHO BANA
There are no items here.
a - 31 arrows (gained 19)
There are no items here.
u - a scroll labeled KAUNA GAUQUHAWN
There is an open door here.
You see here a goblin skeleton.
There is an open door here.
A dart slug comes into view.
The dart slug launches a dart at you. The slug dart hits you!
Ouch! That really hurt!
The dart slug launches a dart at you. The slug dart hits you!
Ouch! That really hurt!
You die...

#........# #.....#..#.#
#........# ###.....#..#.#
#........# #..........#..
#........# #.#.###.#.....
#........# #.#...#.#.....
#........# #.###.#.#.....
#........#####w....#.#.....
#####'####.......###.......
#รท...'@......+.........
#.####.......####......
###'## #.........##....##
#....# #.........##....##
#....# #####.....########
#....# #######.. .. #....#
#.#####. ###.## #.#...#.
#.# #########.#.....


You could see a dart slug.

Vanquished Creatures
  2 ball pythons (D:1)
  3 goblins (D:1)
  A hobgoblin (D:1)
  6 jackals (D:1)
  2 bats (D:1)
  2 giant newts (D:1)
  7 kobolds (D:1)
  A rat (D:1)
24 creatures vanquished.

Notes
Turn   | Place    | Note
--------------------------------------------------------------
     0 | D:1      | stauk the Felid Transmuter began the quest for the Orb.
     0 | D:1      | Reached XP level 1. HP: 9/9 MP: 4/4
   895 | D:1      | Reached XP level 2. HP: 12/12 MP: 4/6
  1921 | D:1      | Killed from afar by a dart slug

Skill      XL: |  1  2 |
---------------+-------+-----
Dodging        | 3 |  3.0
Fighting       | |  1.1
Stealth        | |  0.4
Unarmed Combat | |  3.4
Spellcasting   | |  2.2
Transmutations | |  2.5

Action                   || total
-------------------------++-------
Melee: Unarmed           ||    61
       Bite              ||     5
       Headbutt          ||     2
 Cast: Beastly Appendage ||    13
 Stab: Sleeping          ||     3
  Eat: Chunk             ||     9
Armor: Skin              ||     5
Dodge: Dodged            ||    53
